Map: Ley Lines

Players

kenO - Winner!

  • Race: Protoss Protoss
  • Spawn Location: 1:00

Koht

  • Race: Protoss Protoss
  • League: Master
  • Spawn Location: 7:00

VOD

Have the link to the VOD?

Description

Time

  • Played on: May 30, 2025, 8:28 a.m.
  • Length: 10:00
Show
View Real Time Build Order
Export as new Build Order

kenO Protoss - Winner!

Build Orders:  

Get SALT Encoding   

  12  0:00  Probe  
  13  0:12  Probe  
  14  0:17  Pylon  
  14  0:23  Probe  
  15  0:31  Probe  
  15  0:39  Gateway  
  15  0:40  Probe  
  16  0:45  Assimilator  
  17  0:51  Probe  
  17  0:54  Assimilator  
  18  0:59  Probe  
  19  1:07  Probe  
  19  1:08  Gateway  
  19  1:17  Probe  
  21  1:26  Cybernetics Core  
  21  1:29  Probe  
  22  1:41  Probe  
  23  1:51  Pylon  
  23  1:55  Warp Gate  
  23  2:06  Stalker x2  
  23  2:09  Probe  
  28  2:16  Pylon  
  28  2:24  Probe  
  29  2:33  Stalker x2  
  33  2:38  Gateway  
  33  3:00  Stalker x2  
  33  3:04  Pylon  
  37  3:36  Nexus  
  37  3:44  Stalker x2  
  37  3:46  Stalker  
  43  3:50  Probe  
  44  4:02  Probe  
  43  4:13  Probe  
  43  4:16  Stalker x2  
  46  4:21  Probe  
  47  4:39  Twilight Council  
  47  4:42  Pylon  
  47  4:47  Probe  
  47  4:48  Probe  
  47  4:50  Stalker  
  47  4:51  Stalker  
  47  4:52  Blink  
  53  4:54  Sentry  
  53  4:56  Probe  
  55  5:00  Probe  
  57  5:13  Probe  
  57  5:14  Probe  
  57  5:20  Shield Battery  
  59  5:25  Probe  
  59  5:26  Probe  
  61  5:30  Gateway, Sentry  
  61  5:32  Sentry  
  65  5:37  Probe  
  65  5:38  Probe  
  68  5:50  Gateway, Probe  
  68  5:54  Pylon  
  68  5:57  Adept, Assimilator  
  70  6:08  Pylon  
  70  6:12  Probe, Adept x2  
  75  6:28  Probe  
  75  6:31  Nexus  
  76  6:33  Pylon  
  76  6:40  Gateway  
  76  6:41  Gateway  
  76  6:56  Nexus  
  76  7:18  Probe  
  76  7:19  Stalker  
  76  7:20  Stalker x4  
  80  7:41  Charge  
  80  7:46  Pylon  
  80  7:48  Pylon  
  80  7:52  Pylon  
  80  7:53  Pylon  
  80  8:04  Probe x2  
  80  8:05  Nexus  
  82  8:06  Pylon  
  82  8:07  Pylon, Stalker x2  
  82  8:08  Stalker x4  
  94  8:16  Probe x2  
  90  8:28  Probe  
  90  8:32  Stalker x5  
  99  8:40  Stalker  
  99  8:41  Stalker  
  97  8:55  Probe x2  
  97  8:59  Zealot  
  97  9:00  Zealot x4  
  99  9:21  Probe x2  
  99  9:22  Probe  
  100  9:24  Zealot  
  100  9:25  Zealot x4  
  100  9:29  Sentry x2  
  114  9:33  Probe x2  
  114  9:34  Probe  
  101  9:54  Zealot  
  101  9:55  Zealot x6  
Show
View Real Time Build Order
Export as new Build Order

Koht Protoss 

Build Orders: Phoenix Opening, Blink Stalkers 

Get SALT Encoding   

  12  0:00  Probe  
  13  0:12  Probe  
  14  0:17  Pylon  
  14  0:24  Probe  
  15  0:34  Probe  
  15  0:36  Gateway  
  15  0:42  Probe, Assimilator  
  17  0:51  Probe  
  18  1:03  Probe  
  19  1:04  Gateway  
  19  1:15  Probe  
  19  1:16  Assimilator  
  20  1:23  Cybernetics Core  
  20  1:27  Probe  
  21  1:39  Probe  
  22  1:45  Pylon  
  22  1:51  Probe  
  23  2:00  Stalker x2, Warp Gate  
  23  2:03  Probe  
  28  2:21  Pylon  
  28  2:27  Pylon  
  28  2:36  Stalker  
  28  2:38  Sentry  
  32  2:46  Nexus  
  32  2:52  Probe  
  33  3:00  Twilight Council  
  33  3:06  Probe  
  33  3:11  Stalker  
  34  3:15  Stalker  
  36  3:29  Shield Battery  
  36  3:30  Blink  
  36  3:33  Phoenix  
  36  3:37  Probe  
  37  3:46  Shield Battery  
  37  3:51  Stalker  
  39  3:57  Probe  
  39  4:02  Probe  
  41  4:08  Stalker  
  40  4:10  Probe  
  40  4:16  Probe  
  38  4:20  Shield Battery  
  38  4:22  Probe, Sentry  
  41  4:28  Probe  
  42  4:32  Stalker  
  44  4:38  Probe  
  43  4:47  Stalker  
  43  4:50  Gateway  
  45  4:54  Probe x2  
  45  4:58  Sentry  
  49  5:05  Pylon  
  49  5:06  Probe  
  50  5:15  Stalker  
  50  5:16  Probe  
  50  5:18  Probe  
  54  5:22  Gateway  
  54  5:25  Pylon  
  54  5:29  Probe  
  54  5:30  Probe  
  54  5:34  Stalker  
  58  5:41  Stalker, Probe  
  58  5:42  Charge  
  61  5:44  Probe  
  62  5:51  Pylon  
  62  5:53  Probe  
  62  5:55  Stalker  
  65  6:03  Pylon  
  65  6:06  Stalker  
  65  6:09  Stalker  
  69  6:22  Nexus  
  69  6:27  Shield Battery  
  69  6:29  Sentry  
  69  6:32  Probe x2  
  73  6:34  Stalker  
  75  6:44  Probe x2  
  77  6:48  Gateway  
  77  6:50  Gateway  
  77  7:00  Sentry  
  77  7:01  Stalker  
  76  7:10  Stalker  
  77  7:19  Probe  
  77  7:20  Probe  
  77  7:26  Stalker  
  77  7:28  Zealot x2  
  74  7:36  Zealot  
  76  7:41  Probe x2  
  76  7:44  Nexus  
  74  7:52  Zealot  
  74  7:53  Forge, Zealot x4  
  74  7:55  Probe x2  
  84  8:00  Stalker  
  86  8:15  Pylon  
  86  8:16  Probe x2  
  72  8:27  Zealot x2  
  72  8:28  Probe x2  
  72  8:30  Stalker x2  
  72  8:31  Zealot  
  76  8:37  Zealot  
  76  8:40  Probe x2  
  78  8:48  Zealot x2  
  72  8:55  Stalker x3  
  68  9:03  Stalker  
  68  9:08  Zealot  
  68  9:09  Zealot  
  74  9:16  Zealot  
  70  9:26  Stalker x2  
  70  9:27  Zealot  
  70  9:30  Pylon  
  76  9:43  Zealot x3  
  69  9:52  Stalker x2  
  55  9:54  Zealot  
Tags
 
Composition
Blink Stalkers
League
Master
Matchup
PvP
Spawn Locations
Cross Positions
Add a new tag
Caveats
  • Supply blocks, unpowered buildings, or Contaminate may cause inaccurate times.
  • Supply counts are checked every 10 seconds.